 Dungeon Crawl Stone Soup version 0.17.1-1-g73c8601 (webtiles) character file.

77 Alreadydead the Slasher (level 4, -8/35 HPs)
             Began as a Demonspawn Fighter on Dec 28, 2015.
             Mangled by Crazy Yiuf
             ... wielding a +4 quarterstaff of chaos
              (9 damage)
             ... on level 2 of the Dungeon.
             The game lasted 00:02:21 (1512 turns).

Alreadydead the Slasher (Demonspawn Fighter)        Turns: 1512, Time: 00:02:21

Health: -8/35      AC: 11    Str: 18    XL:     4   Next: 14%
Magic:  4/4        EV:  7    Int:  9    God:
Gold:   80         SH:  8    Dex: 12    Spells: 0 memorised, 3 levels left

rFire  . . .     SeeInvis .     a - +0 long sword
rCold  . . .     Clarity  .     b - +1 scale mail
rNeg   . . .     SustAt   .     c - +0 shield
rPois  .         Gourm    .     (helmet restricted)
rElec  .         Spirit   .     (no cloak)
rCorr  .         Warding  .     k - +2 pair of gloves
rMut   .         Stasis   .     (no boots)
MR     .....                    (no amulet)
Stlth  ..........               (no ring)
                                (no ring)

@: lethally poisoned (-8 -> -37), slowed, very slow, not resistant to hostile
enchantments, extremely unstealthy
A: antennae 1, molten scales 1, powered by death 1
a: no special abilities


You were on level 2 of the Dungeon.
You were not hungry.

You visited 1 branch of the dungeon, and saw 2 of its levels.

You collected 80 gold pieces.

Inventory:

Hand Weapons
 a - a +0 long sword (weapon)
Armour
 b - a +1 scale mail (worn)
 c - a +0 shield (worn)
 k - a +2 pair of gloves (worn)
Scrolls
 g - 2 scrolls of identify
 h - a scroll of fog
 j - a scroll of teleportation
 m - 2 scrolls of magic mapping
Potions
 d - a potion of might
 n - a potion of cancellation
 o - a potion of haste
Comestibles
 e - 3 bread rations
 f - 2 meat rations


   Skills:
 - Level 3.0 Fighting
 + Level 4.0 Long Blades
 - Level 2.6 Armour
 - Level 2.6 Shields


You had 3 spell levels left.
You didn't know any spells.

Dungeon Overview and Level Annotations

Branches:
Dungeon (2/15)

Altars:

Annotations:
D:2 Crazy Yiuf


Innate Abilities, Weirdness & Mutations

You have a pair of small antennae on your head.
You are partially covered in molten scales (AC +1).
You regenerate a little health from kills.


Message History

You block Crazy Yiuf's attack. Crazy Yiuf hits you but does no damage.
You completely miss Crazy Yiuf.
Crazy Yiuf is almost dead.
Crazy Yiuf hits you with a quarterstaff of chaos.
You are poisoned.
You block Crazy Yiuf's attack.
You hit Crazy Yiuf.
Crazy Yiuf is almost dead.
You feel sick.
Crazy Yiuf hits you with a quarterstaff of chaos!
You are lethally poisoned!
Crazy Yiuf hits you with a quarterstaff of chaos.
* * * LOW HITPOINT WARNING * * *
You are more poisoned.
You barely miss Crazy Yiuf.
Crazy Yiuf is almost dead.
* * * LOW HITPOINT WARNING * * *
You feel very sick.
Crazy Yiuf hits you with a quarterstaff of chaos!
You die...

*****####..####......##...
#....# ####...##... #....#
#...##... ##...# #...##...
##.## #...##... ##.#
#...##### #.## ######...
##.# #... #@## #... *#g#*
#... *...* #... #...# #...
#)..# #... ##### ####


You could see Crazy Yiuf.

Vanquished Creatures
  4 gnolls
  2 oozes
  2 giant geckos
  4 giant cockroaches
  6 hobgoblins
  5 bats (D:1)
  3 giant newts
  2 goblins
  5 kobolds
  2 rats (D:1)
35 creatures vanquished.

Notes
Turn   | Place    | Note
--------------------------------------------------------------
     0 | D:1      | Alreadydead the Demonspawn Fighter began the quest for the Orb.
     0 | D:1      | Reached XP level 1. HP: 18/18 MP: 1/1
   302 | D:1      | Gained mutation: You have a pair of small antennae on your head. [demonic ancestry]
   302 | D:1      | Reached XP level 2. HP: 17/24 MP: 2/2
   904 | D:2      | Gained mutation: You are partially covered in molten scales (AC +1). [demonic ancestry]
   904 | D:2      | Reached XP level 3. HP: 29/29 MP: 3/3
  1195 | D:2      | Reached skill level 4 in Long Blades
  1195 | D:2      | Gained mutation: You regenerate a little health from kills. [demonic ancestry]
  1195 | D:2      | Reached XP level 4. HP: 24/35 MP: 4/4
  1502 | D:2      | Noticed Crazy Yiuf
  1512 | D:2      | HP: 1/35 [poisoned by Crazy Yiuf]
  1512 | D:2      | Mangled by Crazy Yiuf

Action                   |  1- 3 |  4- 6 || total
-------------------------+-------+-------++-------
Melee: Long sword        |   128 |    22 ||   150
  Use: Scroll            |       |     7 ||     7
  Eat: Chunk             |       |     2 ||     2
